 Dungeon Crawl Stone Soup version 0.32-a0-314-g526f7d4 (webtiles) character file.

Game seed: 14819508647472365144

275 bobfrom10 the Trooper (level 6, -1/63 HPs)
             Began as an Oni Warper on Feb 15, 2024.
             Slain by an orc wizard
             ... wielding a +0 dagger
              (3 damage)
             ... on level 3 of the Dungeon.
             The game lasted 00:03:34 (2213 turns).

bobfrom10 the Trooper (Oni Warper)                  Turns: 2213, Time: 00:03:35

Health: -1/63      AC:  3    Str: 16    XL:     6   Next: 24%
Magic:  12/12      EV:  9    Int: 16    God:
Gold:   331        SH:  0    Dex:  8    Spells: 11/13 levels left

rFire   . . .        a - +0 mace
rCold   . . .        (no shield)
rNeg    . . .        b - +0 robe
rPois   .            (helmet restricted)
rElec   .            (no cloak)
rCorr   .            (gloves unavailable)
SInv    .            (boots unavailable)
Will    .....        (no amulet)
Stlth   +            (no ring)
HPRegen 0.30/turn    (no ring)
MPRegen 0.13/turn

%: no passive effects
@: no status effects
A: large, unfitting armour, horns 1, tough skin 1, double potion healing,
drunken brawling
a: no special abilities


You were on level 3 of the Dungeon.
You visited 1 branch of the dungeon, and saw 3 of its levels.

You collected 331 gold pieces.

Inventory:

Hand Weapons
 a - a +0 mace (weapon)
Missiles
 d - 7 darts of dispersal (quivered)
Armour
 b - a +0 robe (worn)
Wands
 n - a wand of digging (8)
Scrolls
 c - a scroll of blinking
 e - a scroll of immolation {unknown}
 f - a scroll of fear {unknown}
 i - a scroll of enchant armour
 j - a scroll of fog {unknown}
Potions
 g - a potion of mutation
 h - 2 potions of haste
 k - a potion of magic
 m - a potion of cancellation


   Skills:
 + Level 4.7 Fighting
 + Level 3.5 Maces & Flails
 - Level 1.0 Throwing
 - Level 2.1 Dodging
 + Level 4.0 Spellcasting
 + Level 3.9 Translocations


You had 11 spell levels left.
You knew the following spells:

 Your Spells              Type           Power      Damage    Failure   Level
a - Blink                 Tloc           30%        N/A       4%          2

Your spell library contained the following spells:

 Spells                   Type           Power      Damage    Failure   Level
 Lesser Beckoning         Tloc           30%        N/A       4%          2
 Teleport Other           Tloc           15%        N/A       10%         3
 Call Imp                 Summ           6%         N/A       26%         2
 Sublimation of Blood     Necr           3%         N/A       26%         2
 Manifold Assault         Tloc           15%        N/A       32%         4
 Dazzling Flash           Conj/Hex       6%         N/A       45%         3
 Hailstorm                Conj/Ice       3%         3d5       45%         3
 Mephitic Cloud           Conj/Alch/Air  3%         N/A       45%         3
 Summon Ice Beast         Ice/Summ       3%         N/A       45%         3
 Vhi's Electric Charge    Tloc/Air       18%        N/A       58%         4
 Curse of Agony           Necr           3%         N/A       99%         5
 Silence                  Hex/Air        1%         N/A       99%         5
 Sculpt Simulacrum        Ice/Alch       1%         N/A       100%        6
 Summon Hydra             Summ           1%         N/A       100%        7


Dungeon Overview and Level Annotations

Branches:
Dungeon (3/15)

Altars:
Hepliaklqana
Qazlal
Beogh


Innate Abilities, Weirdness & Mutations

You are too large for most types of armour.
You have a pair of small horns on your head.
You have tough skin. (AC +1)
You gain doubled healing and magic from potions.
Whenever you drink a healing potion, you attack all around you.


Message History

The orc is almost dead.
The orc hits you but does no damage. Something hits you but does no damage.
You thump the orc!
You kill the orc!
Hit: a) +0 mace
Press: ? - help, Dir - move target You miss something.
You hear some strange, mumbled words.
You are confused.
Unknown command.
Your magical effects are unravelling.
You feel magically purged.
You feel less wooden.
Your +0 robe unmelds from your body.
You feel yourself slow down.
You feel less confused.
You feel a little less mighty now. Something hits you but does no damage.
Hit: a) +0 mace
Press: ? - help, Dir - move target You barely miss something.
Something hits you.
* * * LOW HITPOINT WARNING * * *
Unknown command.
Hit: a) +0 mace
Press: ? - help, Dir - move target You hit something.
Your headbutt misses something. Something hits you.
* * * LOW HITPOINT WARNING * * *
Unknown command.
Hit: a) +0 mace
Press: ? - help, Dir - move target You barely miss something.
Something hits you but does no damage. x2
Unknown command.
Hit: a) +0 mace
Press: ? - help, Dir - move target You miss something.
Your headbutt misses something. Something hits you.
* * * LOW HITPOINT WARNING * * *
Unknown command.
Hit: a) +0 mace
Press: ? - help, Dir - move target You barely miss something.
Something hits you.
You die... .§.§P..)..##........#..# ..P.P.P ..........>###.# P.§... ......#######..# .PPP

...........)..##
..PP
###........####
....
#.....#########
....
#.......≈≈§..§#
#..
#....)){...._.#
###....)@.≈≈≈..≈#
.......)#########
.........oo....#
....##...o.o...#
.... #......####
... #......#
#......# ########


There were no monsters in sight!

Vanquished Creatures
  A bombardier beetle (D:3)
  2 orc priests (D:3)
  Jessica (D:2)
  Robin (D:3)
  An adder (D:3)
  A dart slug (D:1)
  5 orcs (D:3)
  5 ball pythons
  6 bats
  2 endoplasms
  2 giant cockroaches (D:3)
  9 hobgoblins
  5 jackals
  5 quokkas
  A frilled lizard (D:3)
  14 goblins
  3 kobolds
  9 rats
73 creatures vanquished.

Notes
Turn   | Place    | Note
-------+----------+-------------------------------------------
     0 | D:1      | bobfrom10 the Oni Warper began the quest for the Orb.
     0 | D:1      | Reached XP level 1. HP: 22/22 MP: 3/3
    73 | D:1      | Reached XP level 2. HP: 29/29 MP: 5/5
   181 | D:1      | Learned a level 2 spell: Blink
   263 | D:1      | Reached XP level 3. HP: 37/37 MP: 7/7
   301 | D:1      | Found a faded altar of an unknown god.
   882 | D:2      | Reached XP level 4. HP: 41/44 MP: 8/8
  1272 | D:2      | Noticed Jessica
  1286 | D:2      | Killed Jessica
  1574 | D:3      | Noticed Robin
  1587 | D:3      | Reached XP level 5. HP: 48/54 MP: 10/10
  1597 | D:3      | Killed Robin
  1753 | D:3      | Found a hazy altar of Hepliaklqana.
  1898 | D:3      | Found a roughly hewn altar of Beogh.
  1912 | D:3      | Reached XP level 6. HP: 23/63 MP: 11/11
  2165 | D:3      | Found a stormy altar of Qazlal.
  2210 | D:3      | HP: 3/63 [something (1)]
  2213 | D:3      | Slain by an orc wizard

Illustrated notes

Levels and vault maps discovered:
D:1:      psy_arrival_conway, layout_basic,
          shapermc_ecumenical_altar_mp_highgroup, minmay_close_crescents
D:2:      layout_rooms, uniq_jessica
D:3:      layout_basic, nicolae_hepliaklqana_hazy_memory, pf_just_have_faith,
          amcnicky_altar_gilded, kennysheep_orc_chapel, uniq_robin

Skill      XL: |  1  2  3  4  5  6 |
---------------+-------------------+-----
Fighting       | 3 4 |  4.7
Translocations | 3 |  3.9
Spellcasting   | 3 4 |  4.0
Maces & Flails | 3 |  3.5
Throwing       | |  1.0
Dodging        | |  2.1

Action                     |  1- 3 |  4- 6 || total
---------------------------+-------+-------++-------
  Melee: Mace              |    92 |   143 ||   235
         Headbutt          |     9 |    17 ||    26
   Cast: Blink             |       |     1 ||     1
    Use: Scroll            |       |     5 ||     5
         Potion            |       |     4 ||     4
 Armour: Robe              |    73 |   123 ||   196
         Skin              |       |    39 ||    39
  Dodge: Dodged            |    77 |    70 ||   147

Table legend: (Time is in decaauts)
 A = Elapsed time spent in this place.
 B = Non-inter-level travel time spent in this place.
 C = Inter-level travel time spent in this place.
 D = Time resting spent in this place.
 E = Time spent auto-exploring this place.
 F = Levels seen in this place.
 G = Mean time per level.
                   A        B        C        D        E       F      G
               +--------+--------+--------+--------+--------+-----+--------+
         Total |   2266 |   2224 |     42 |      0 |   1686 |   3 |  755.3 |
       Dungeon |   2266 |   2224 |     42 |      0 |   1686 |   3 |  755.3 |
               +--------+--------+--------+--------+--------+-----+--------+

Top non-repeatable levels by time:
     D:1: 897 daAuts
     D:3: 764 daAuts
     D:2: 604 daAuts
